 Dungeon Crawl Stone Soup version 0.23.2-1-ga50397a (webtiles) character file.

Game seed: 0

128026 Mellonil the Warrior (level 16, 145/145 HPs)
             Began as a Demonspawn Berserker on Mar 14, 2019.
             Was a High Priest of Trog.
             Quit the game on level 2 of the Shoals on May 19, 2019.
             The game lasted 02:55:47 (36376 turns).

Mellonil the Warrior (Demonspawn Berserker)        Turns: 36376, Time: 02:55:48

Health: 145/145    AC: 28    Str: 23    XL:     16   Next: 47%
Magic:  16/16      EV: 12    Int: 12    God:    Trog [*****.]
Gold:   845        SH: 16    Dex: 21    Spells: 15/15 levels left

rFire    + . .     SeeInvis +   a - +11 war axe of Valour {speed, *Noise rN+ Int+2 Dex+8}
rCold    + . .     Gourm    .   T - +2 shield {rC+ rF+}
rNeg     + . .     Faith    .   Q - +2 plate armour {MR+}
rPois    +         Spirit   .   A - +0 helmet
rElec    .         Reflect  .   S - scarf {cloud immunity}
rCorr    .         Harm     .   q - +0 pair of gloves
MR       ++...                  w - +2 pair of boots
Stlth    ..........             (no amulet)
HPRegen  0.34/turn              W - +4 ring of evasion
MPRegen  0.15/turn              l - ring of see invisible

@: no status effects
A: talons 2, slimy green scales 3, foul stench 2, powered by pain 3, rot
immunity
a: Berserk, Trog's Hand, Brothers in Arms, Renounce Religion


You were on level 2 of the Shoals.
You worshipped Trog.
Trog was extremely pleased with you.
You were not hungry.

You visited 4 branches of the dungeon, and saw 25 of its levels.
You also visited: Ice Cave.

You collected 2877 gold pieces.
You spent 2032 gold pieces at shops.

Inventory:

Hand Weapons
 a - the +11 war axe of Valour (weapon) {speed, *Noise rN+ Int+2 Dex+8}
   (You found it on level 11 of the Dungeon)

   Attacks with this weapon are significantly faster.
   It affects your intelligence (+2).
   It affects your dexterity (+8).
   It protects you from negative energy.
   It may make noises in combat.
 b - the +7 flail of Greed {freeze, rPois rF+ Str+2}
   (Trog gifted it to you on level 1 of the Lair of Beasts)

   It has been specially enchanted to freeze those struck by it, causing extra
   injury to most foes and up to half again as much damage against particularly
   susceptible opponents.
   It can also slow down cold-blooded creatures.
   It affects your strength (+2).
   It protects you from fire.
   It protects you from poison.
 r - the +3 falchion "Helipyge" {elec, *Contam +Blink rElec rPois}
   (You found it on level 5 of the Lair of Beasts)

   Occasionally, upon striking a foe, it will discharge some electrical energy
   and cause terrible harm.
   It insulates you from electricity.
   It protects you from poison.
   It lets you blink.
   It causes magical contamination when unequipped.
 U - a +3 antimagic morningstar
Armour
 m - a +4 scale mail of fire resistance
 q - a +0 pair of gloves (worn)
 w - a +2 pair of boots (worn)
 A - a +0 helmet (worn)
 I - a +0 cloak
 Q - a +2 plate armour of magic resistance (worn)
 S - a scarf of cloud immunity (worn)
 T - a +2 shield of resistance (worn)
Jewellery
 e - an uncursed ring of positive energy
 k - an uncursed ring of protection from fire
 l - a ring of see invisible (right hand)
 y - an uncursed ring of resist corrosion
 z - the ring of Xiell {rC+ Int-2 Dex+7}
   (You took it off an orc on level 8 of the Dungeon)

   [ring of protection from cold]

   It affects your intelligence (-2).
   It affects your dexterity (+7).
   It protects you from cold.
 W - a +4 ring of evasion (left hand)
 X - an uncursed ring of protection from cold
 Y - an uncursed amulet of the gourmand {unknown}
 Z - a +1 ring of evasion
Wands
 B - a wand of iceblast (19)
 M - a wand of disintegration (10)
 P - a wand of enslavement (11)
 R - a wand of digging (4)
Scrolls
 i - 14 scrolls of remove curse
 p - 3 scrolls of enchant weapon
 u - 7 scrolls of identify
 v - 18 scrolls of teleportation
 x - 2 scrolls of fog
 D - a scroll of summoning
 G - a scroll of brand weapon
 H - 3 scrolls of magic mapping
 J - a scroll of torment
 K - 4 scrolls of blinking
 L - 4 scrolls of enchant armour
 N - 6 scrolls of immolation
 O - 7 scrolls of fear
Potions
 d - 7 potions of heal wounds
 f - 3 potions of agility
 g - 3 potions of berserk rage
 h - 3 potions of brilliance
 j - 2 potions of haste
 n - a potion of ambrosia
 o - 3 potions of might
 s - 7 potions of lignification
 t - 2 potions of flight
 C - 9 potions of curing
 E - 2 potions of cancellation
 F - 2 potions of magic
 V - 2 potions of mutation
Comestibles
 c - 31 rations


   Skills:
 * Level 18.4 Fighting
 - Level 5.3(9.4) Axes
 + Level 11.8(12.2) Maces & Flails
 + Level 12.6 Armour
 - Level 1.7 Dodging
 + Level 12.0 Shields


You had 15 spell levels left.
You didn't know any spells.
Your spell library was empty.

Dungeon Overview and Level Annotations

Branches:
Dungeon (15/15)            Temple (0/1) D:4            Lair (6/6) D:10
 Shoals (2/4) Lair:3        Snake (0/4) Lair:2        Slime (0/5) Lair:6
    Orc (2/2) D:11            Elf (0/3) Orc:2        Vaults (0/5) D:14
 Depths (0/5) D:15

Altars:
Ashenzari
Elyvilon
Hepliaklqana
Makhleb
Nemelex Xobeh
Okawaru
Sif Muna
Trog
Vehumet
Xom
Zin
The Shining One
Beogh
Jiyva

Shops:
D:8 (   D:14 (   Orc:2 ?***   Shoals:2 *

Annotations:
D:12 2 runed translucent doors, poirepourri's ghost, journeyman GrFi
Lair:3 exclusion: 2 oklob plants
Lair:6 1 runed translucent door


Innate Abilities, Weirdness & Mutations

You have razor-sharp toenails.
You are completely covered in slimy green scales. (AC +4, rPois)
You frequently emit foul miasma when damaged in melee.
You are powered by pain.
You are immune to rotting.


Message History

You block the harpy's attack. x2
You slice the harpy!!
You kill the harpy!
Trog accepts your kill.
Your Shields skill increases to level 12!
You start resting.
HP restored.
Your pack is full.
You see here 5 chunks of flesh.
You can't carry that many items.
Drop what? 52/52 slots (_ for help) (? for menu, Esc to quit)
Okay, then.
Saving game... please wait.
Welcome back, Mellonil the Demonspawn Berserker.
Trog says: Kill them all!
Press ? for a list of commands and other information.
Saving game... please wait.
Welcome back, Mellonil the Demonspawn Berserker.
Trog says: Kill them all!
Press ? for a list of commands and other information.
Are you sure you want to abandon this character and quit the game? (Confirm with "yes".)

..>.....≈≈≈≈≈≈≈≈≈≈.# ≈≈≈
.........≈≈≈≈≈≈≈≈≈.## .≈.
.####..#..[≈.≈≈≈≈≈≈.##.#
...........≈≈..≈≈≈..÷^##
..............#.≈≈.()≈.###
....)...........≈≈(≈≈≈.....
..............)..≈≈≈≈≈.≈.≈≈
#...............†..≈≈≈≈$".≈
#...............@!.≈≈≈≈≈...
#................†.≈≈≈≈≈.#.
####........####...≈≈≈≈≈...
###≈.≈#### ##..≈≈≈≈≈≈≈≈
#≈.#.≈# #.≈≈≈≈≈≈≈≈ #.....#
≈≈≈≈≈≈≈≈≈ #..#..# ≈≈≈≈≈≈≈
#....[# ≈≈≈≈≈≈≈ ##...##


There were no monsters in sight!

Vanquished Creatures
  Jorgrun (D:14)
  Rupert (Lair:5)
  Kirke (D:15)
  A frost giant (IceCv)
  A stone giant (Orc:2)
  A fire dragon (Lair:6)
  Josephine (D:11)
  A merfolk impaler (Shoals:1)
  Harold (Lair:2)
  A yaktaur captain (D:14)
  9 hydras
  The ghost of Duaji the Blocker, a journeyman GrFi of Okawaru (Lair:2)
  Fannar (D:11)
  An alligator snapping turtle (Shoals:1)
  A merfolk avatar (Shoals:1)
  3 centaur warriors
  A tengu warrior (D:12)
  4 death yaks
  11 two-headed ogres
  An ogre mage (D:15)
  Urug (Lair:2)
  2 orc high priests (Orc:2)
  An unseen horror (D:13)
  8 sea snakes
  A glowing orange brain (D:15)
  A swamp dragon (Lair:6)
  A wolf spider zombie (D:15)
  Pikel (D:4)
  14 harpies
  8 orc knights
  3 oklob plants
  An orc sorcerer (Orc:2)
  5 cyclopes
  21 ugly things
  5 slime creatures
  5 fauns (Shoals:2)
  An elephant (Lair:5)
  6 manticores
  A merfolk siren (Shoals:2)
  4 black mambas
  2 water nymphs
  11 spiny frogs
  A gargoyle (D:9)
  9 komodo dragons
  3 rime drakes
  A yaktaur (shapeshifter) (D:14)
  3 yaktaurs
  3 kobold demonologists
  A queen bee (shapeshifter) (D:8)
  3 meliai (D:15)
  22 polar bears
  10 trolls
  2 wind drakes (Shoals:1)
  5 merfolk
  2 hornets
  3 snapping turtles (Shoals:2)
  9 blink frogs
  12 hippogriffs
  A dream sheep (shapeshifter) (D:15)
  3 shadows
  5 wraiths (D:11)
  5 water elementals
  2 vampires
  Eustachio (D:4)
  69 yaks
  2 basilisks (D:15)
  5 wyverns
  2 hogs
  A basilisk (shapeshifter) (D:15)
  2 steam dragons
  2 hogs (shapeshifter) (D:15)
  A hungry ghost (D:15)
  2 nagas (Lair:2)
  8 wargs
  2 soldier ants
  8 water moccasins
  2 acid dragons (Lair:6)
  5 porcupines
  A hornet zombie (D:8)
  10 black bears
  2 swamp drakes (Lair:6)
  4 ice beasts
  14 ogres
  A sky beast (D:9)
  3 slaves (D:4)
  4 eyes of draining
  6 necrophages
  32 orc warriors
  13 centaurs
  10 wolves
  11 crocodiles
  3 big kobolds
  19 bullfrogs
  A gnoll sergeant (D:9)
  A scorpion (shapeshifter) (D:15)
  4 scorpions
  11 killer bees
  An electric eel (D:13)
  8 wights
  9 howler monkeys
  6 crimson imps
  5 centaur zombies
  3 bullfrog zombies
  9 hounds
  2 quasits
  4 jellies
  5 orc priests
  A bullfrog skeleton (D:10)
  Jessica (D:2)
  4 centaur skeletons
  6 iguanas
  7 hell rats (Lair:3)
  10 orc wizards
  8 worker ants
  A hound zombie (D:5)
  A hound skeleton (D:10)
  2 worker ant zombies (D:8)
  5 gnolls
  18 adders
  5 shadow imps
  An adder zombie (D:7)
  An ooze (D:7)
  3 worms
  2 dart slugs
  2 leopard geckos
  77 orcs
  7 bats
  4 giant cockroaches
  4 goblins
  10 hobgoblins
  4 jackals (D:3)
  10 kobolds
  8 quokkas
  A ball python (D:1)
  4 frilled lizards
  A leopard gecko skeleton (D:4)
  A quokka zombie (D:9)
  5 rats
  3 plants
782 creatures vanquished.

Vanquished Creatures (collateral kills)
  Gastronok (D:11)
  2 cyclopes (Shoals:2)
  2 fauns (Shoals:2)
  A merfolk siren (Shoals:2)
  A gargoyle (D:11)
  An orc warrior (D:11)
  3 killer bees (D:8)
  An orc priest (D:11)
  3 orcs (D:11)
  A goblin (D:11)
16 creatures vanquished.

Vanquished Creatures (others)
  A polar bear (IceCv)
  4 wolves (IceCv)
  A hound skeleton (D:8)
  8 fungi
  5 plants
19 creatures vanquished.

Grand Total: 817 creatures vanquished

Notes
Turn   | Place    | Note
-------+----------+-------------------------------------------
     0 | D:1      | Mellonil the Demonspawn Berserker began the quest for the
                  | Orb.
     0 | D:1      | Reached XP level 1. HP: 18/18 MP: 1/1
   461 | D:1      | Gained mutation: You have sharp toenails. [demonic
                  | ancestry]
   461 | D:1      | Reached XP level 2. HP: 21/24 MP: 2/2
  1043 | D:2      | You fall through a shaft!
  1076 | D:3      | Gained mutation: You are immune to rotting. [demonic
                  | ancestry]
  1076 | D:3      | Reached XP level 3. HP: 27/30 MP: 3/3
  1086 | D:3      | Reached skill level 4 in Fighting
  1309 | D:3      | Gained mutation: You are partially covered in slimy green
                  | scales. (AC +2) [demonic ancestry]
  1309 | D:3      | Reached XP level 4. HP: 29/37 MP: 4/4
  1597 | D:2      | Reached ** piety under Trog
  1873 | D:2      | Noticed Jessica
  1883 | D:2      | Killed Jessica
  2333 | D:3      | Found a hazy altar of Hepliaklqana.
  2352 | D:3      | Found a glowing silver altar of Zin.
  2587 | D:4      | Found a white marble altar of Elyvilon.
  2596 | D:4      | Reached XP level 5. HP: 43/43 MP: 5/5
  2763 | D:4      | Noticed Eustachio
  3045 | D:4      | Noticed an ogre
  3049 | D:4      | Killed an ogre
  3049 | D:4      | Reached skill level 5 in Fighting
  3273 | D:4      | Found a staircase to the Ecumenical Temple.
  3363 | D:4      | Gained mutation: You sometimes gain a little power by
                  | taking damage. [demonic ancestry]
  3363 | D:4      | Reached XP level 6. HP: 51/51 MP: 6/6
  3486 | D:4      | Killed Eustachio
  3542 | D:4      | Found a shimmering altar of Xom.
  3542 | D:4      | Noticed a slave
  3543 | D:4      | Noticed a slave
  3584 | D:4      | Killed a slave
  3588 | D:4      | Killed a slave
  3598 | D:4      | Noticed a slave
  3628 | D:4      | Killed a slave
  3672 | D:4      | Noticed Pikel
  3750 | D:4      | Killed Pikel
  3750 | D:4      | Reached skill level 6 in Fighting
  3750 | D:4      | Gained mutation: You are mostly covered in slimy green
                  | scales. (AC +3) [demonic ancestry]
  3750 | D:4      | Reached XP level 7. HP: 50/59 MP: 7/7
  4057 | D:5      | Entered Level 5 of the Dungeon
  4089 | D:5      | Found a shattered altar of Ashenzari.
  4154 | D:5      | Reached skill level 7 in Fighting
  4645 | D:5      | Found a sparkling altar of Nemelex Xobeh.
  4656 | D:5      | Gained mutation: You may emit foul miasma when damaged in
                  | melee. [demonic ancestry]
  4656 | D:5      | Reached XP level 8. HP: 56/67 MP: 8/8
  4771 | D:5      | Reached skill level 5 in Maces & Flails
  5031 | D:5      | Reached skill level 1 in Shields
  5135 | D:5      | Reached *** piety under Trog
  6490 | D:6      | Reached skill level 8 in Fighting
  6490 | D:6      | Reached skill level 5 in Armour
  7387 | D:7      | Gained mutation: You sometimes gain power by taking damage.
                  | [demonic ancestry]
  7387 | D:7      | Reached XP level 9. HP: 41/75 MP: 9/9
  8187 | D:7      | Reached skill level 9 in Fighting
  8838 | D:8      | Found Vekytatu's Weapon Shop.
  8860 | D:8      | Bought the cursed +2 mace of Honour {venom, Str+4} for 364
                  | gold pieces
  9143 | D:8      | Noticed a queen bee
  9152 | D:8      | Killed a queen bee
  9216 | D:8      | Identified the ring of Xiell {rC+ Int-2 Dex+7}
  9280 | D:8      | Noticed a white ugly thing
  9302 | D:8      | Killed a white ugly thing
  9302 | D:8      | Reached skill level 10 in Fighting
  9310 | D:8      | Reached XP level 10. HP: 63/85 MP: 10/10
  9337 | D:8      | Noticed a two-headed ogre
  9354 | D:8      | Killed a two-headed ogre
  9653 | D:7      | Noticed a smoke demon
  9877 | D:8      | Reached **** piety under Trog
  9889 | D:8      | Reached skill level 5 in Shields
  9903 | D:8      | Found an iron altar of Okawaru.
  9905 | D:8      | Noticed a two-headed ogre
  9919 | D:8      | Noticed a centaur warrior
  9924 | D:8      | Killed a two-headed ogre
 10227 | D:8      | Reached skill level 11 in Fighting
 10290 | D:8      | Found a bloodstained altar of Trog.
 10412 | D:8      | Killed a centaur warrior
 10755 | D:8      | Found a glowing golden altar of the Shining One.
 10997 | D:9      | Reached XP level 11. HP: 91/93 MP: 11/11
 11762 | D:9      | Found a radiant altar of Vehumet.
 11763 | D:9      | Found a burning altar of Makhleb.
 11835 | D:9      | Noticed Maurice
 11836 | D:9      | Noticed Maurice
 11836 | D:9      | Maurice changed into Maurice the black bear
 11844 | D:9      | Killed Maurice the black bear
 12418 | D:9      | Found a deep blue altar of Sif Muna.
 12491 | D:10     | Entered Level 10 of the Dungeon
 12491 | D:10     | Found a huge runed translucent gate.
 12491 | D:10     | Found a huge runed translucent gate.
 12645 | D:9      | Reached skill level 12 in Fighting
 12929 | D:10     | Found a huge runed translucent gate.
 12930 | D:10     | Found a huge runed translucent gate.
 13154 | D:10     | Noticed an oklob plant
 13155 | D:10     | Found a staircase to the Lair.
 13425 | D:10     | You fall through a shaft for 2 floors!
 13697 | D:10     | Noticed a two-headed ogre
 13710 | D:10     | Killed a two-headed ogre
 14398 | D:11     | Got a slimy war axe
 14438 | D:11     | Noticed Gastronok
 14501 | D:11     | Killed Gastronok
 14718 | D:11     | Identified the +11 war axe of Valour {speed, *Noise rN+
                  | Int+2 Dex+8} (You found it on level 11 of the Dungeon)
 14743 | D:11     | Found a staircase to the Orcish Mines.
 14875 | D:11     | Noticed a cyan ugly thing
 14886 | D:11     | Killed a cyan ugly thing
 14886 | D:11     | Gained mutation: You have razor-sharp toenails. [demonic
                  | ancestry]
 14886 | D:11     | Reached XP level 12. HP: 85/103 MP: 12/12
 14964 | D:11     | Noticed Fannar
 14996 | D:11     | Killed Fannar
 14996 | D:11     | Reached skill level 1 in Axes
 15118 | D:11     | Noticed a two-headed ogre
 15142 | D:11     | Killed a two-headed ogre
 15142 | D:11     | Reached skill level 13 in Fighting
 15405 | D:11     | Noticed Josephine
 15419 | D:11     | Killed Josephine
 15419 | D:11     | Reached ***** piety under Trog
 16236 | D:12     | Received a gift from Trog
 16569 | D:12     | Found a large runed translucent door.
 16569 | D:12     | Found a large runed translucent door.
 16570 | D:12     | Noticed poirepourri's ghost (journeyman GrFi)
 16783 | D:12     | Noticed a tengu warrior
 16794 | D:12     | Killed a tengu warrior
 17303 | D:13     | Reached skill level 14 in Fighting
 17425 | D:13     | Identified a scroll of acquirement
 17544 | D:13     | Noticed a centaur warrior
 17563 | D:13     | Killed a centaur warrior
 17563 | D:13     | Reached XP level 13. HP: 78/113 MP: 13/13
 18930 | Lair:1   | Entered Level 1 of the Lair of Beasts
 19042 | Lair:1   | Received a gift from Trog
 19043 | Lair:1   | Got a faintly glowing flail {god gift}
 19147 | Lair:1   | Identified the +7 flail of Greed {freeze, rPois rF+ Str+2}
                  | (Trog gifted it to you on level 1 of the Lair of Beasts)
 19185 | Lair:1   | Reached skill level 5 in Axes
 19198 | Lair:1   | Reached skill level 10 in Armour
 20024 | Lair:2   | Found a staircase to the Snake Pit.
 20110 | Lair:2   | Found a runed translucent door.
 20112 | Lair:2   | Noticed Duaji's ghost (journeyman GrFi)
 20305 | Lair:2   | Noticed Urug
 20326 | Lair:2   | Killed Urug
 20329 | Lair:2   | Noticed Harold
 20348 | Lair:2   | Killed Harold
 20986 | Lair:2   | Reached skill level 15 in Fighting
 21021 | Lair:2   | Killed Duaji's ghost
 21116 | Lair:2   | Upgraded the game from 0.23.1 to 0.23.1-37-gaa34b87
 21656 | Lair:3   | Found a staircase to the Shoals.
 23341 | Lair:4   | Found a frozen archway.
 23348 | Lair:4   | Gained mutation: You are completely covered in slimy green
                  | scales. (AC +4, rPois) [demonic ancestry]
 23348 | Lair:4   | Reached XP level 14. HP: 116/123 MP: 14/14
 23376 | IceCv    | Entered an ice cave
 24167 | IceCv    | Noticed a frost giant
 24187 | IceCv    | Killed a frost giant
 24697 | Lair:4   | Reached skill level 10 in Shields
 25255 | Lair:5   | Got an ancient falchion
 25464 | Lair:5   | Reached skill level 16 in Fighting
 25478 | Lair:5   | Received a gift from Trog
 25634 | Lair:5   | Noticed Rupert
 25650 | Lair:5   | Killed Rupert
 25650 | Lair:5   | Reached skill level 10 in Maces & Flails
 26355 | Lair:6   | Entered Level 6 of the Lair of Beasts
 27853 | Lair:6   | Found a runed translucent door.
 27853 | Lair:6   | Found a viscous altar of Jiyva.
 27854 | Lair:6   | Found a staircase to the Slime Pits.
 27854 | Lair:6   | Noticed an azure jelly
 27854 | Lair:6   | Noticed an azure jelly
 28453 | Orc:1    | Entered Level 1 of the Orcish Mines
 28668 | Orc:1    | Gained mutation: You frequently emit foul miasma when
                  | damaged in melee. [demonic ancestry]
 28668 | Orc:1    | Reached XP level 15. HP: 88/132 MP: 15/15
 29117 | Orc:2    | Entered Level 2 of the Orcish Mines
 29544 | Orc:2    | Found a roughly hewn altar of Beogh.
 29727 | Orc:2    | Received a gift from Trog
 30137 | Orc:2    | Found Haore's Magic Scroll Shop.
 30137 | Orc:2    | Found Fiag Titaun's Assorted Antiques.
 30382 | Orc:2    | Found a staircase to the Elven Halls.
 30725 | Orc:2    | Reached skill level 17 in Fighting
 30891 | Orc:2    | Found a roughly hewn altar of Beogh.
 30948 | Orc:2    | Found Meafikh's General Store.
 30948 | Orc:2    | Found Ilud's General Store.
 30962 | Orc:2    | Bought a scroll of teleportation for 45 gold pieces
 30962 | Orc:2    | Bought a potion of heal wounds for 75 gold pieces
 30962 | Orc:2    | Bought a scroll of identify for 30 gold pieces
 30971 | Orc:2    | Bought a scroll of teleportation for 42 gold pieces
 30971 | Orc:2    | Bought a scroll of identify for 28 gold pieces
 30971 | Orc:2    | Bought a scroll of identify for 28 gold pieces
 30971 | Orc:2    | Bought a scroll of identify for 28 gold pieces
 31002 | Orc:2    | Bought a scroll of identify for 28 gold pieces
 31002 | Orc:2    | Bought a scroll of blinking for 105 gold pieces
 31002 | Orc:2    | Bought a scroll of enchant weapon for 105 gold pieces
 31002 | Orc:2    | Bought a scroll of enchant armour for 105 gold pieces
 31002 | Orc:2    | Bought a scroll of immolation for 49 gold pieces
 31002 | Orc:2    | Bought a scroll of summoning for 133 gold pieces
 31002 | Orc:2    | Bought a scroll of brand weapon for 280 gold pieces
 31002 | Orc:2    | Bought 3 scrolls of teleportation for 126 gold pieces
 31002 | Orc:2    | Bought a scroll of torment for 105 gold pieces
 31011 | Orc:2    | Bought a scroll of identify for 42 gold pieces
 31011 | Orc:2    | Bought a scroll of enchant weapon for 157 gold pieces
 31011 | Orc:2    | Bought a scroll of blinking for 157 gold pieces
 31016 | Orc:2    | Identified the cursed +3 falchion "Helipyge" {elec, *Contam
                  | +Blink rElec rPois} (You found it on level 5 of the Lair of
                  | Beasts)
 31359 | D:14     | Paralysed by a hornet for 3 turns
 31695 | D:14     | Found a gate to the Vaults.
 31948 | D:14     | Found Pyatut's Weapon Shop.
 31974 | D:14     | Noticed Jorgrun
 31992 | D:14     | Killed Jorgrun
 32607 | D:15     | Entered Level 15 of the Dungeon
 32634 | D:15     | Received a gift from Trog
 34088 | D:15     | Noticed Kirke
 34104 | D:15     | Killed Kirke
 34484 | D:15     | Gained mutation: You are powered by pain. [demonic
                  | ancestry]
 34484 | D:15     | Reached XP level 16. HP: 141/143 MP: 16/16
 34498 | D:15     | Found a staircase to the Depths.
 34761 | Shoals:1 | Entered Level 1 of the Shoals
 34926 | Shoals:1 | Received a gift from Trog
 35106 | Shoals:1 | Reached skill level 18 in Fighting
 35695 | Shoals:1 | Upgraded the game from 0.23.1-37-gaa34b87 to 0.23.2
 35719 | Shoals:1 | You fall through a shaft!
 36031 | Shoals:2 | Found Soehyco's Mass Market.
 36112 | Shoals:2 | Upgraded the game from 0.23.2 to 0.23.2-1-ga50397a
 36376 | Shoals:2 | Quit the game

Skill      XL: |  1  2  3  4  5  6  7  8  9 10 11 12 13 14 15 16 |
---------------+-------------------------------------------------+-----
Armour         | 2 3 4 5 6 7 8 9 10 11 12 | 12.6
Maces & Flails | 3 4 5 6 7 8 9 10 11 | 11.8
Fighting       | 4 5 6 7 8 10 11 12 14 15 16 17 18 | 18.4
Shields        | 2 4 5 7 8 9 10 11 12 | 12.0
Axes           | 4 5 |  5.3
Dodging        | |  1.7

Action                   |  1- 3 |  4- 6 |  7- 9 | 10-12 | 13-15 | 16-18 || total
-------------------------+-------+-------+-------+-------+-------+-------++-------
Melee: Mace              |    81 |   133 |   463 |   512 |    10 |       ||  1199
       Kick              |    14 |    35 |    30 |       |       |       ||    79
       War axe           |       |       |       |   306 |   128 |   182 ||   616
       Flail             |       |       |       |       |  1650 |   125 ||  1775
Invok: Berserk           |       |     7 |     4 |     5 |     6 |       ||    22
       Trog's Hand       |       |     1 |     2 |     3 |     7 |     1 ||    14
       Brothers in Arms  |       |       |       |     2 |       |     1 ||     3
Evoke: Wand              |       |       |     2 |     1 |       |       ||     3
  Use: Scroll            |       |     9 |     9 |    13 |    15 |       ||    46
       Potion            |       |     2 |       |       |     2 |     1 ||     5
  Eat: Chunk             |     1 |    10 |    16 |    28 |    55 |     5 ||   115
       Ration            |       |     1 |     2 |     2 |     3 |     1 ||     9
Armor: Ring mail         |    28 |     7 |       |       |       |       ||    35
       Chain mail        |       |    96 |   282 |   270 |       |       ||   648
       Plate armour      |       |       |       |   180 |   617 |   147 ||   944
Dodge: Dodged            |    41 |    69 |   177 |   339 |   492 |   128 ||  1246
Block: Buckler           |       |       |    91 |   201 |    36 |       ||   328
       Shield            |       |       |       |       |   875 |   265 ||  1140
